 Dungeon Crawl Stone Soup version 0.31-a0-656-gb4d89c20fa (webtiles) character file.

Game seed: 3778569263187728625

380 dondy the Digger (level 6, -3/32 HPs)
             Began as a Gargoyle Earth Elementalist on Aug 30, 2023.
             Slain by a gnoll sergeant
             ... wielding a +0 spear
              (7 damage)
             ... on level 5 of the Dungeon.
             The game lasted 00:12:56 (4203 turns).

dondy the Digger (Gargoyle Earth Elementalist)      Turns: 4203, Time: 00:12:57

Health: -3/32      AC:  8    Str: 11    XL:     6   Next: 75%
Magic:  3/9        EV: 16    Int: 18    God:
Gold:   103        SH:  0    Dex: 10    Spells: 0/9 levels left

rFire   . . .        d - staff of conjuration
rCold   . . .        (no shield)
rNeg    + + .        a - +0 robe
rPois   ∞            (no helmet)
rElec   +            (no cloak)
rCorr   .            m - +1 pair of gloves {Stlth+}
SInv    .            (no boots)
Will    .....        (no amulet)
Stlth   +++          v - +5 ring of evasion
HPRegen 0.25/turn    j - ring of positive energy
MPRegen 0.11/turn

%: no passive effects
@: about to teleport
A: sickness immunity, AC +4, negative energy resistance 1, electricity
resistance, torment resistance 1, petrification resistance
a: no special abilities


You were on level 5 of the Dungeon.
You visited 1 branch of the dungeon, and saw 5 of its levels.

You collected 145 gold pieces.
You spent 42 gold pieces at shops.

Inventory:

Armour
 a - a +0 robe (worn)
 m - a +1 pair of gloves of stealth (worn)
Magical Staves
 d - a staff of conjuration (weapon)
 w - a staff of cold
Jewellery
 j - a ring of positive energy (right hand)
 v - a +5 ring of evasion (left hand)
Scrolls
 c - a scroll of immolation {unknown}
 e - a scroll of silence {unknown}
 g - a scroll of teleportation
 h - a scroll of vulnerability {unknown}
 i - a scroll of enchant armour {unknown}
 p - a scroll of fear {unknown}
 r - a scroll of revelation {unknown}
 s - a scroll of amnesia {unknown}
 u - a scroll of enchant weapon {unknown}
Potions
 b - 2 potions of magic
 f - a potion of heal wounds
 k - a potion of berserk rage
 l - a potion of resistance {unknown}
 n - 5 potions of curing
 o - 2 potions of enlightenment
 q - 2 potions of ambrosia
 t - 2 potions of lignification


   Skills:
 - Level 1.5 Dodging
 - Level 2.1 Stealth
 - Level 2.0 Spellcasting
 * Level 5.2 Conjurations
 - Level 0.7 Transmutations
 + Level 6.5 Earth Magic


You couldn't memorise any spells.
You knew the following spells:

 Your Spells              Type           Power      Damage    Failure   Level
a - Sandblast             Erth           50%        2d12      1%          1
b - Stone Arrow           Conj/Erth      68%        3d11      4%          3
c - Fireball              Conj/Fire      8%         3d6       86%         5

Your spell library contained the following spells:

 Spells                   Type           Power      Damage    Failure   Level
 Passwall                 Tmut/Erth      11%        N/A       6%          2
 Summon Small Mammal      Summ           4%         N/A       19%         1
 Dazzling Flash           Conj/Hex       32%        N/A       19%         3
 Petrify                  Tmut/Erth      14%        N/A       38%         4
 Call Canine Familiar     Summ           1%         N/A       47%         3
 Portal Projectile        Hex/Tloc       2%         N/A       47%         3
 Summon Guardian Golem    Hex/Summ       1%         N/A       47%         3
 Tukima's Dance           Hex            1%         N/A       47%         3
 Fulminant Prism          Conj/Hex       8%         3d7       52%         4
 Iskenderun's Mystic Bla  Conj/Tloc      16%        2d5       52%         4
 Dispel Undead            Necr           1%         3d6       87%         4
 Conjure Ball Lightning   Conj/Air       8%         3x3d6     100%        6
 Death Channel            Necr           0%         N/A       100%        6
 Fire Storm               Conj/Fire      8%         8d2       100%        9
 Cigotuvi's Dreadful Rot  Necr/Pois/Air  Unusable   N/A       N/A         2

Dungeon Overview and Level Annotations

Branches:
Dungeon (5/15)
 Temple: D:4-7

Altars:
Gozag
Sif Muna

Shops:
D:2 ?


Innate Abilities, Weirdness & Mutations

You are immune to sickness and miasma.
Your stone body is resilient. (AC +4)
You are immune to poison.
You resist negative energy. (rN+)
You are resistant to electric shocks. (rElec)
You are resistant to unholy torment.
You are immune to petrification.


Message History

Aim: a gnoll, wielding a +0 whip (85% to hit)
The blast of sand hits the gnoll!
You kill the gnoll!
Unknown command.
Casting: Sandblast (safe; 1% risk of failure)
Confirm with . or Enter, or press ? or * to list all spells.
Aiming: Sandblast (safe; 1% risk of failure)
Press: ? - help, Shift-Dir - straight line, f - gnoll sergeant, p - gnoll
Aim: a gnoll sergeant, wielding a +0 spear, wearing a +0 scale mail and wearing a +0 buckler (87% to hit)
The blast of sand hits the gnoll!
The gnoll is heavily wounded.
The gnoll sergeant barely misses you. The gnoll hits you with a +0 whip!
The gnoll misses you. The gnoll sergeant closely misses you.
Casting: Sandblast (safe; 1% risk of failure)
Confirm with . or Enter, or press ? or * to list all spells.
Aiming: Sandblast (safe; 1% risk of failure)
Press: ? - help, Shift-Dir - straight line, f/p - gnoll sergeant
Aim: a gnoll sergeant, wielding a +0 spear, wearing a +0 scale mail and wearing a +0 buckler (87% to hit)
The blast of sand hits the gnoll.
You kill the gnoll!
The gnoll sergeant completely misses you.
The gnoll sergeant blocks the blast of sand.
The gnoll sergeant hits you from afar with a +0 spear.
The gnoll sergeant barely misses you.
Casting: Sandblast (safe; 1% risk of failure)
Confirm with . or Enter, or press ? or * to list all spells.
Aiming: Sandblast (safe; 1% risk of failure)
Press: ? - help, Shift-Dir - straight line, p - gnoll sergeant The blast of sand hits the dart slug.
The dart slug is moderately wounded.
The dart slug launches a dart at you. The slug dart hits you.
* * * LOW HITPOINT WARNING * * *
The gnoll sergeant hits you from afar with a +0 spear.
* * * LOW HITPOINT WARNING * * *
The dart slug misses you.
As you read the scroll of teleportation, it crumbles to dust.
You feel strangely unstable.
The gnoll sergeant hits you from afar with a +0 spear!
You die...

....#
.##.#......###..
##...
.....###........
###..............[...
.>....##.....#...#
..... #...###.###
....w #..#### # ....
#.....##
.....##.gw..#
#..w...#@.#
#.#..g##### ###..g#
##..... g......
###.#.( .... ... ..


You could see a gnoll sergeant and a dart slug.

Vanquished Creatures
  An ogre (D:5)
  2 hounds
  A sleepcap (D:4)
  An iguana (D:4)
  5 gnolls
  5 adders
  An ufetubus (D:3)
  2 worms
  3 orcs (D:3)
  4 bats
  10 endoplasms
  3 giant cockroaches
  5 goblins
  6 hobgoblins
  2 jackals (D:3)
  5 kobolds
  4 quokkas
  8 ball pythons
  4 frilled lizards
  22 rats
94 creatures vanquished.

Notes
Turn   | Place    | Note
-------+----------+-------------------------------------------
     0 | D:1      | dondy the Gargoyle Earth Elementalist began the quest for
                  | the Orb.
     0 | D:1      | Reached XP level 1. HP: 10/10 MP: 3/3
    87 | D:1      | Reached skill level 4 in Earth Magic
   122 | D:1      | Reached XP level 2. HP: 5/15 MP: 0/5
   641 | D:1      | Reached skill level 5 in Earth Magic
   641 | D:1      | Reached XP level 3. HP: 19/19 MP: 4/6
   645 | D:1      | Learned a level 3 spell: Stone Arrow
   956 | D:1      | Reached skill level 1 in Conjurations
  1195 | D:2      | Reached XP level 4. HP: 24/24 MP: 3/7
  1462 | D:2      | Found Baigh's Magic Scroll Shoppe.
  1715 | D:2      | Bought a scroll of identify for 28 gold pieces
  1715 | D:2      | Identified 2 scrolls of acquirement
  2108 | D:3      | Found a shimmering blue altar of Sif Muna.
  2841 | D:4      | Found an opulent altar of Gozag.
  3144 | D:4      | Reached XP level 5. HP: 15/28 MP: 0/8
  3824 | D:4      | Reached skill level 6 in Earth Magic
  3873 | D:4      | Reached XP level 6. HP: 32/32 MP: 6/9
  3969 | D:2      | Bought a scroll of noise for 14 gold pieces
  3975 | D:2      | Acquired a +1 pair of gloves of stealth
  3983 | D:2      | Acquired dondy's Precepts of Percussion
  3991 | D:2      | Learned a level 5 spell: Fireball
  4023 | D:5      | Entered Level 5 of the Dungeon
  4159 | D:5      | Reached skill level 5 in Conjurations
  4203 | D:5      | Slain by a gnoll sergeant

Illustrated notes

Levels and vault maps discovered:
D:1:      dpeg_arrival_three_smaller_balls, layout_loops_ring
D:2:      layout_rooms, serial_shops, shop, minmay_fountain_box, hex_large
D:3:      layout_loops_corners, mainiacjoe_overflow_boulevard
D:4:      layout_loops_cross, mainiacjoe_overflow_24_doors, minmay_rat_hole
D:5:      layout_cave_pools, minmay_temple_entry_offerings,
          amcnicky_mini_pool_medium

Skill      XL: |  1  2  3  4  5  6 |
---------------+-------------------+-----
Earth Magic    | 4 5 6 |  6.5
Conjurations   | 1 3 4 5 |  5.2
Dodging        | |  1.5
Stealth        | |  2.1
Spellcasting   | |  2.0
Transmutations | |  0.7

Action                     |  1- 3 |  4- 6 || total
---------------------------+-------+-------++-------
  Melee: Unarmed           |     1 |       ||     1
   Cast: Sandblast         |    47 |   107 ||   154
    Use: Scroll            |       |    11 ||    11
 Armour: Robe              |    11 |    17 ||    28
  Dodge: Dodged            |     7 |    31 ||    38

Table legend: (Time is in decaauts)
 A = Elapsed time spent in this place.
 B = Non-inter-level travel time spent in this place.
 C = Inter-level travel time spent in this place.
 D = Time resting spent in this place.
 E = Time spent auto-exploring this place.
 F = Levels seen in this place.
 G = Mean time per level.
                   A        B        C        D        E       F      G
               +--------+--------+--------+--------+--------+-----+--------+
         Total |   4279 |   4147 |    132 |    740 |   2757 |   5 |  855.8 |
       Dungeon |   4279 |   4147 |    132 |    740 |   2757 |   5 |  855.8 |
               +--------+--------+--------+--------+--------+-----+--------+

Top non-repeatable levels by time:
     D:4: 1170 daAuts
     D:3: 1117 daAuts
     D:1: 1108 daAuts
     D:2: 695 daAuts
     D:5: 187 daAuts
